 Dungeon Crawl Stone Soup version 0.28.0-43-g3370ac3207 (webtiles) character file.

Game seed: 6725261001870931575

24 styxcanada the Sneak (level 2, 0/15 HPs)
             Began as a Spriggan Brigand on Mar 10, 2022.
             Succumbed to a goblin's poison
             ... on level 1 of the Dungeon.
             The game lasted 00:03:51 (1053 turns).

styxcanada the Sneak (Spriggan Brigand)             Turns: 1053, Time: 00:03:51

Health: 0/15       AC:  3    Str:  7    XL:     2   Next: 79%
Magic:  3/3        EV: 16    Int: 12    God:
Gold:   54         SH:  0    Dex: 16    Spells: 1/1 levels left

rFire   . . .      SeeInvis +   a - +2 dagger
rCold   . . .      Faith    .   (no shield)
rNeg    . . .      Spirit   .   b - +0 robe
rPois   .          Reflect  .   (helmet restricted)
rElec   .          Harm     .   c - +0 cloak
rCorr   .          Rampage  .   (gloves unavailable)
Will    .....                   (boots unavailable)
Stlth   ++++......              (no amulet)
HPRegen 0.05/turn               (no ring)
MPRegen 0.08/turn               (no ring)

@: lethally poisoned (0 -> -11), very quick
A: very small, no large weapons, unfitting armour, see invisible, speed 3
a: no special abilities


You were on level 1 of the Dungeon.
You visited 1 branch of the dungeon, and saw 2 of its levels.

You collected 54 gold pieces.

Inventory:

Hand Weapons
 a - a +2 dagger (weapon)
Missiles
 d - 8 poisoned darts (quivered)
 e - 2 curare-tipped darts
Armour
 b - a +0 robe (worn)
 c - a +0 cloak (worn)
Potions
 f - a potion of haste {unknown}


   Skills:
 * Level 1.7 Fighting
 + Level 2.2 Short Blades
 + Level 2.2 Throwing
 * Level 1.4 Dodging
 * Level 6.9 Stealth


You had one spell level left.
You didn't know any spells.
Your spell library was empty.

Dungeon Overview and Level Annotations

Branches:
Dungeon (2/15)

Altars:

Annotations:
D:2 Robin


Innate Abilities, Weirdness & Mutations

You are very small and have problems with some larger weapons.
You are too small for most types of armour.
You have supernaturally acute eyesight. (SInv)
You cover ground extremely quickly. (Speed+++)


Message History

You open the door.
Found 11 gold pieces.
There is an open door here.
You now have 54 gold pieces (gained 11).
There is an open door here.
You open the door.
A rat comes into view.
There is an open door here.
The helpless rat fails to defend itself.
You impale the rat!!
You kill the rat!
You see here a hobgoblin corpse.
Done exploring.
Done exploring.
Done exploring.
Done exploring.
You see here a bat corpse.
There is a stone staircase leading down here.
You climb downwards.
The goblin shouts! x9
Found three items.
There is a stone staircase leading up here.
You strike the helpless hobgoblin from behind!
You impale the hobgoblin!!
You kill the hobgoblin!
A bat comes into view.
You barely miss the goblin. The goblin closely misses you.
Robin says, "We wiped out the hill dwarves - you're next!"
Robin roars a battlecry!
The goblins go into a battle-frenzy!
The goblin hits you with a +0 dagger. The goblin hits you with a +0 dagger.
The goblin hits you with a +1 dagger of venom.
You are lethally poisoned!
The goblin completely misses you.
You climb upwards.
* * * LOW HITPOINT WARNING * * *
You feel very sick.
There is a stone staircase leading down here.
You die...

##..# #.###8.....8## #..# #.#
##.....## #..# ##.## ##8.8##
#..# #### #...#####'##
#..###..#####.#.##.##..##
#.†##....##...#...#####.########
#.....P.....#####†# #.........
#..#..♣P......#...## ##.#.......
#...........(.#@##.###.#########
######.....##.g>###...##
#####....gg>....## #############


You could see 3 goblins.

Vanquished Creatures
  2 endoplasms (D:1)
  A giant cockroach (D:1)
  A goblin (D:1)
  5 hobgoblins
  4 ball pythons (D:1)
  2 bats (D:1)
  2 frilled lizards (D:1)
  A kobold (D:1)
  7 rats (D:1)
25 creatures vanquished.

Notes
Turn   | Place    | Note
-------+----------+-------------------------------------------
     0 | D:1      | styxcanada the Spriggan Brigand began the quest for the
                  | Orb.
     0 | D:1      | Reached XP level 1. HP: 10/10 MP: 2/2
   128 | D:1      | Reached skill level 6 in Stealth
   349 | D:1      | Reached XP level 2. HP: 10/14 MP: 3/3
   656 | D:1      | Found a faded altar of an unknown god.
  1048 | D:2      | Noticed Robin
  1053 | D:1      | Succumbed to a goblin's poison

Illustrated notes

Levels and vault maps discovered:
D:1:      mushboom_english_gardens, layout_loops_ring,
          hellmonk_ecumenical_altar_crossroads, serial_park_tiny_1,
          dk_noncrumbling_4, minmay_misc_feat_four_crosses,
          minmay_rat_gold_closets
D:2:      layout_basic, basic_altar, lightli_corner_chamber, uniq_robin

Skill      XL: |  1 |
---------------+----+-----
Stealth        | 6 |  6.9
Fighting       | |  1.7
Short Blades   | |  2.2
Throwing       | |  2.2
Dodging        | |  1.4

Action                   || total
-------------------------++-------
Melee: Dagger            ||    41
       Punch             ||     1
Throw: Dart              ||     7
 Stab: Sleeping          ||    13
       Distracted        ||     1
Armor: Robe              ||     1
Dodge: Dodged            ||    18
